 Dungeon Crawl Stone Soup version 0.28.0-45-g0d030f2227 (webtiles) character file.

Game seed: 16544268368192067928

2687 jimonade the Frost Mage (level 9, -3/66 HPs)
             Began as a Gnoll Ice Elementalist on Apr 9, 2022.
             Was a Priest of Okawaru.
             Slain by an orc warrior
             ... wielding a +0 war axe
              (19 damage)
             ... in a bailey.
             The game lasted 00:33:13 (6758 turns).

jimonade the Frost Mage (Gnoll Ice Elementalist)    Turns: 6758, Time: 00:33:14

Health: -3/66      AC: 18    Str: 12    XL:     9   Next: 64%
Magic:  10/19      EV: 13    Int: 15    God:    Okawaru [***...]
Gold:   283        SH: 10    Dex: 18    Spells: 14/21 levels left

rFire   . . .      SeeInvis .   m - +6 short sword (protect)
rCold   . . .      Faith    .   h - +0 buckler
rNeg    . . .      Spirit   .   g - +0 ring mail
rPois   .          Reflect  +   (no helmet)
rElec   .          Harm     .   t - +0 cloak
rCorr   .          Rampage  .   (no gloves)
Will    .....                   (no boots)
Stlth   +++.......              z - amulet of reflection
HPRegen 0.21/turn               u - +6 ring of dexterity
MPRegen 0.16/turn               (no ring)

@: ice-armoured, under a protective aura, freezing walls
A: fangs 1, strong nose, distributed training
a: Renounce Religion, Heroism


You were in a bailey.
You worshipped Okawaru.
Okawaru was most pleased with you.
You visited 2 branches of the dungeon, and saw 8 of its levels.
You also visited: Bailey.

You collected 283 gold pieces.

Inventory:

Hand Weapons
 b - a +0 whip
 d - a +0 short sword
 f - a +0 dagger
 m - a +6 short sword of protection (weapon)
Missiles
 c - 92 bolts
 e - 129 stones
 v - 13 boomerangs (quivered)
 w - 59 arrows
 B - a throwing net
 H - 2 poisoned darts
Armour
 a - a +0 robe
 g - a +0 ring mail (worn)
 h - a +0 buckler (worn)
 t - a +0 cloak (worn)
 y - a +0 chain mail
 C - a +0 leather armour
Magical Staves
 j - a staff of death
Jewellery
 q - an amulet of guardian spirit
 u - a +6 ring of dexterity (left hand)
 z - an amulet of reflection (around neck)
Wands
 D - a wand of acid (9)
Scrolls
 i - 5 scrolls of identify
 l - a scroll of teleportation
 o - a scroll of blinking
 E - 2 scrolls of fog
 F - a scroll of amnesia
Potions
 k - a potion of heal wounds
 n - a potion of degeneration {unknown}
 p - a potion of mutation {unknown}
 r - a potion of haste {unknown}
 s - a potion of lignification {unknown}
 x - a potion of ambrosia {unknown}
 A - 2 potions of attraction {unknown}


   Skills:
 + Level 4.4 Fighting
 + Level 4.4 Short Blades
 + Level 4.4 Long Blades
 + Level 4.4 Axes
 + Level 4.4 Maces & Flails
 + Level 4.4 Polearms
 + Level 4.4 Staves
 + Level 4.4 Slings
 + Level 4.4 Bows
 + Level 4.4 Crossbows
 + Level 4.4 Throwing
 + Level 4.4 Armour
 + Level 6.4 Dodging
 + Level 6.2 Stealth
 + Level 4.4 Shields
 + Level 4.4 Unarmed Combat
 + Level 6.8 Spellcasting
 + Level 3.6 Conjurations
 + Level 3.6 Hexes
 + Level 3.6 Summonings
 + Level 3.6 Necromancy
 + Level 3.6 Translocations
 + Level 3.6 Transmutations
 + Level 3.6 Fire Magic
 + Level 8.1 Ice Magic
 + Level 3.6 Air Magic
 + Level 3.6 Earth Magic
 + Level 3.6 Poison Magic
 + Level 4.9 Invocations
 + Level 4.4 Evocations


You had 14 spell levels left.
You knew the following spells:

 Your Spells              Type           Power      Damage    Failure   Level
a - Freeze                Ice            100%       1d11      1%          1
b - Frozen Ramparts       Ice            58%        1d7       4%          3
c - Ozocubu's Armour      Ice            29%        N/A       4%          3

Your spell library contained the following spells:

 Spells                   Type           Power      Damage    Failure   Level
 Pain                     Necr           64%        1d7       9%          1
 Hailstorm                Conj/Ice       22%        3d7       32%         4
 Agony                    Necr           16%        N/A       93%         5
 Excruciating Wounds      Necr           8%         N/A       93%         5


Dungeon Overview and Level Annotations

Branches:
Dungeon (7/15)             Temple (1/1) D:4          Bailey (1/1)

Altars:
Ashenzari
Cheibriados
Dithmenos
Elyvilon
Fedhas
Gozag
Kikubaaqudgha
Nemelex Xobeh
Okawaru
Qazlal
Sif Muna
Uskayaw
Vehumet
Wu Jian
Xom
Yredelemnul

Shops:
D:3 =

Annotations:
D:6 2 transporters Bailey 3 runed translucent doors


Innate Abilities, Weirdness & Mutations

You have very sharp teeth.
Your uncanny sense of smell can sniff out nearby items.
Your experience applies equally to all skills.


Message History

The orc knight hits you with a +0 war axe!
You closely miss the orc knight.
The orc knight is severely wounded.
The wall freezes the orc knight.
The orc knight barely misses you.
The wall freezes the orc warrior.
You barely miss the orc knight.
The orc knight is severely wounded.
The wall freezes the orc knight.
The wall freezes the orc warrior.
You hit the orc knight.
You bite the orc knight, but do no damage.
The orc knight is almost dead.
The frozen ramparts melt away.
The orc knight is no longer covered in acid.
The orc knight barely misses you. You block the orc warrior's attack.
You hit the orc knight.
The orc knight is almost dead.
The orc knight closely misses you.
The orc warrior hits you with a +0 war axe!!
* * * LOW HITPOINT WARNING * * *
You feel much better.
The orc knight hits you but does no damage.
The orc warrior hits you with a +0 war axe!
* * * LOW HITPOINT WARNING * * *
Okay, then.
Casting: Freeze (safe; 1% risk of failure)
Confirm with . or Enter, or press ? or * to list all spells.
Casting: Frozen Ramparts (dangerous; 4% risk of failure)
Press: ? - help, Dir - look around, f - activate The walls around you are covered in ice.
The wall freezes the orc knight.
You block the orc knight's attack.
The wall freezes the orc warrior.
You block the orc warrior's attack.
You hit the orc knight.
You kill the orc knight!
Okawaru is honoured by your kill.
The wall freezes the orc warrior.
You block the orc warrior's attack.
You hit the orc warrior but do no damage.
The orc warrior is moderately wounded.
The wall freezes the orc warrior!
The orc warrior hits you with a +0 war axe!!
You die...

♣......'†....#.. .. ≈≈+...#
♣∩.∩...'.....#.. ...≈≈+..o#
♣......'.....#o. ...≈ +...#
♣♣....)#....##8. 8.8≈##...#
♣.†).##....#≈?. ...≈#....##
♣...##.....# ). #≈≈#.....#
♣≈≈##......## ≈ ####......
♣≈≈#........#########......8..
♣≈≈#..8..8...@o.....).........
♣≈≈#.........)#≈≈≈≈)#.........
♣≈≈##.........#≈≈≈≈≈#...8..8..
♣≈≈≈##.).8...##≈)≈≈≈##.......#
♣♣≈ ##.....##.......##.....##
##...##.........##...##
#####♣♣♣.....♣♣♣##### ♣♣♣∩♣♣♣
♣♣♣


You could see an orc warrior (strong).

Vanquished Creatures
  An orc knight (Bailey)
  Prince Ribbit (D:6)
  A wyvern (D:5)
  Menkaure (D:6)
  3 orc warriors (Bailey)
  3 black bears
  2 necrophages (D:5)
  3 ogres
  A phantom (D:5)
  A scorpion (D:5)
  2 centaur zombies (D:6)
  2 jellies
  An orc priest (D:3)
  A hound (D:5)
  A centaur skeleton (D:5)
  A gnoll shaman (D:5)
  2 iguanas
  5 orc wizards
  A howler monkey zombie (D:7)
  5 gnolls
  8 adders
  A white imp (D:6)
  3 worms
  A dart slug (D:1)
  17 orcs
  2 ball pythons
  12 endoplasms
  3 giant cockroaches
  3 goblins
  7 hobgoblins
  8 jackals
  15 kobolds
  2 quokkas
  13 bats
  6 frilled lizards
  7 rats
146 creatures vanquished.

Notes
Turn   | Place    | Note
-------+----------+-------------------------------------------
     0 | D:1      | jimonade the Gnoll Ice Elementalist began the quest for the
                  | Orb.
     0 | D:1      | Reached XP level 1. HP: 13/13 MP: 6/6
   210 | D:1      | Reached XP level 2. HP: 19/19 MP: 4/7
   624 | D:1      | Reached XP level 3. HP: 22/25 MP: 6/9
   641 | D:1      | Reached skill level 5 in Spellcasting
   800 | D:1      | Learned a level 3 spell: Frozen Ramparts
   804 | D:1      | Learned a level 3 spell: Ozocubu's Armour
   898 | D:1      | Reached skill level 1 in Invocations
  1115 | D:2      | Reached skill level 1 in Fighting
  1115 | D:2      | Reached skill level 1 in Short Blades
  1115 | D:2      | Reached skill level 1 in Long Blades
  1115 | D:2      | Reached skill level 1 in Axes
  1115 | D:2      | Reached skill level 1 in Maces & Flails
  1115 | D:2      | Reached skill level 1 in Polearms
  1115 | D:2      | Reached skill level 1 in Staves
  1115 | D:2      | Reached skill level 1 in Slings
  1115 | D:2      | Reached skill level 1 in Bows
  1115 | D:2      | Reached skill level 1 in Crossbows
  1115 | D:2      | Reached skill level 1 in Throwing
  1115 | D:2      | Reached skill level 1 in Armour
  1115 | D:2      | Reached skill level 1 in Shields
  1115 | D:2      | Reached skill level 1 in Unarmed Combat
  1115 | D:2      | Reached skill level 1 in Evocations
  1218 | D:2      | Reached XP level 4. HP: 30/32 MP: 6/11
  1673 | D:2      | Reached skill level 1 in Conjurations
  1673 | D:2      | Reached skill level 1 in Hexes
  1673 | D:2      | Reached skill level 1 in Summonings
  1673 | D:2      | Reached skill level 1 in Necromancy
  1673 | D:2      | Reached skill level 1 in Translocations
  1673 | D:2      | Reached skill level 1 in Transmutations
  1673 | D:2      | Reached skill level 1 in Fire Magic
  1673 | D:2      | Reached skill level 1 in Air Magic
  1673 | D:2      | Reached skill level 1 in Earth Magic
  1673 | D:2      | Reached skill level 1 in Poison Magic
  2082 | D:3      | Reached XP level 5. HP: 33/37 MP: 5/12
  2431 | D:3      | Found Jajiff's One-of-a-Kind Rings.
  2533 | D:3      | Reached XP level 6. HP: 26/44 MP: 4/13
  3448 | D:4      | Found a staircase to the Ecumenical Temple.
  3454 | Temple   | Entered the Ecumenical Temple
  3644 | Temple   | Became a worshipper of Warmaster Okawaru
  3953 | D:4      | Reached skill level 5 in Dodging
  4194 | D:4      | Found a basalt altar of Yredelemnul.
  4212 | D:5      | Entered Level 5 of the Dungeon
  4216 | D:5      | Noticed a black bear
  4386 | D:5      | Reached XP level 7. HP: 45/50 MP: 6/15
  4494 | D:5      | Reached * piety under Okawaru
  4903 | D:5      | Noticed a wyvern
  4922 | D:5      | Reached skill level 5 in Stealth
  4926 | D:5      | Killed a wyvern
  4927 | D:5      | Reached XP level 8. HP: 51/57 MP: 9/16
  5558 | D:6      | Noticed a kobold demonologist
  5561 | D:6      | Found a transporter.
  5591 | D:6      | Noticed a kobold demonologist
  5603 | D:6      | Found a transporter.
  5630 | D:6      | Noticed Menkaure
  5850 | D:6      | Noticed Prince Ribbit
  6020 | D:6      | Reached ** piety under Okawaru
  6105 | D:6      | Killed Prince Ribbit
  6220 | D:6      | Reached XP level 9. HP: 65/65 MP: 14/18
  6229 | D:6      | Killed Menkaure
  6509 | D:7      | Found a flagged portal.
  6526 | D:7      | Reached *** piety under Okawaru
  6529 | Bailey   | Entered a bailey
  6565 | Bailey   | Noticed an orc warlord
  6701 | Bailey   | Reached skill level 8 in Ice Magic
  6723 | Bailey   | Found a runed translucent gate.
  6725 | Bailey   | Found a runed translucent gate.
  6726 | Bailey   | Found a runed translucent gate.
  6727 | Bailey   | Noticed an orc knight
  6757 | Bailey   | Killed an orc knight
  6758 | Bailey   | Slain by an orc warrior

Illustrated notes

Levels and vault maps discovered:
D:1:      dpeg_arrival_rooms_a, layout_rooms, minmay_cupped
D:2:      layout_basic
D:3:      layout_basic, nicolae_shop_unique_rings, nrook_mini_vaults,
          columned_hall_lemuel
D:4:      layout_cave_pods, mainiacjoe_overflow_alcove_1,
          minmay_temple_entry_enclosed_plants, minmay_door_square
D:5:      layout_basic, minivault_14, hex_medium
D:6:      gammafunk_wand_slinger, layout_cave_pools, minmay_misc_feat_cross,
          uniq_prince_ribbit1, uniq_menkaure
D:7:      layout_basic, enter_bailey_2, serial_curves, eino_curves_02,
          eino_curves_04, grunt_livestock, nicolae_benzene_ring
Temple:   regret_index_temple_generic_petals
Bailey:   bailey_axe_bossmonster_kennysheep, bailey

Skill      XL: |  1  2  3  4  5  6  7  8  9 |
---------------+----------------------------+-----
Spellcasting   | 5 6 |  6.8
Invocations    | 1 2 3 4 |  4.9
Fighting       | 1 2 3 4 |  4.4
Short Blades   | 1 2 3 4 |  4.4
Long Blades    | 1 2 3 4 |  4.4
Axes           | 1 2 3 4 |  4.4
Maces & Flails | 1 2 3 4 |  4.4
Polearms       | 1 2 3 4 |  4.4
Staves         | 1 2 3 4 |  4.4
Slings         | 1 2 3 4 |  4.4
Bows           | 1 2 3 4 |  4.4
Crossbows      | 1 2 3 4 |  4.4
Throwing       | 1 2 3 4 |  4.4
Armour         | 1 2 3 4 |  4.4
Shields        | 1 2 3 4 |  4.4
Unarmed Combat | 1 2 3 4 |  4.4
Evocations     | 1 2 3 4 |  4.4
Conjurations   | 1 2 3 |  3.6
Hexes          | 1 2 3 |  3.6
Summonings     | 1 2 3 |  3.6
Necromancy     | 1 2 3 |  3.6
Translocations | 1 2 3 |  3.6
Transmutations | 1 2 3 |  3.6
Fire Magic     | 1 2 3 |  3.6
Air Magic      | 1 2 3 |  3.6
Earth Magic    | 1 2 3 |  3.6
Poison Magic   | 1 2 3 |  3.6
Dodging        | 5 6 |  6.4
Stealth        | 5 6 |  6.2
Ice Magic      | 8 |  8.1

Action                   |  1- 3 |  4- 6 |  7- 9 || total
-------------------------+-------+-------+-------++-------
Melee: Unarmed           |     1 |       |       ||     1
       Whip              |    27 |    10 |       ||    37
       Bite              |     3 |     6 |    26 ||    35
       Punch             |     1 |     3 |     2 ||     6
       Short sword       |       |    66 |   140 ||   206
Throw: Boomerang         |       |       |     1 ||     1
 Cast: Freeze            |    37 |    18 |     2 ||    57
       Frozen Ramparts   |     5 |    14 |    25 ||    44
       Ozocubu's Armour  |     1 |     2 |    16 ||    19
Evoke: Wand              |       |       |     3 ||     3
  Use: Scroll            |       |     1 |     9 ||    10
       Potion            |       |       |     1 ||     1
 Stab: Sleeping          |     4 |     9 |     1 ||    14
       Distracted        |       |     1 |       ||     1
Armor: Robe              |     5 |     2 |       ||     7
       Ring mail         |    11 |    13 |    40 ||    64
Dodge: Dodged            |    40 |    43 |    46 ||   129
Block: Other             |       |       |    11 ||    11
       Buckler           |       |       |    31 ||    31
       Reflection        |       |       |     5 ||     5
